Map: Orbital Shipyard

Players

ILLBdA

  • Race: Protoss Protoss
  • League: Diamond

Willen - Winner!

  • Race: Zerg Zerg
  • League: Diamond

VOD

Have the link to the VOD?

Description

Time

  • Played on: Dec. 13, 2015, 6:57 a.m.
  • Length: 11:14
Show
View Real Time Build Order
Export as new Build Order

ILLBdA Protoss 

Build Orders: Nexus First, Blink Stalkers, Zealot Archon, Dark Templar Rush 

Get SALT Encoding   

  12  0:01  Probe (Chrono Boost)  
  13  0:12  Probe (Chrono Boost)  
  14  0:18  Pylon  
  14  0:22  Probe (Chrono Boost)  
  15  0:36  Probe (Chrono Boost)  
  16  0:47  Probe (Chrono Boost)  
  17  0:57  Nexus  
  17  1:09  Gateway  
  17  1:10  Probe (Chrono Boost)  
  18  1:17  Assimilator  
  18  1:21  Probe (Chrono Boost)  
  18  1:23  Assimilator  
  19  1:31  Probe (Chrono Boost)  
  20  1:38  Pylon  
  20  1:42  Probe (Chrono Boost)  
  21  1:52  Probe (Chrono Boost)  
  22  1:58  Cybernetics Core  
  22  2:03  Gateway  
  22  2:06  Probe (Chrono Boost)  
  23  2:09  Probe (Chrono Boost)  
  24  2:16  Probe (Chrono Boost)  
  24  2:19  Probe (Chrono Boost)  
  26  2:24  Pylon  
  26  2:27  Probe (Chrono Boost)  
  27  2:35  Sentry  
  29  2:38  Probe (Chrono Boost), Warp Gate (Chrono Boost)  
  29  2:39  Probe (Chrono Boost)  
  31  2:49  Adept  
  31  2:51  Mothership Core (Chrono Boost)  
  35  2:53  Probe (Chrono Boost)  
  36  3:03  Twilight Council, Probe (Chrono Boost)  
  37  3:11  Probe (Chrono Boost)  
  38  3:16  Probe (Chrono Boost)  
  38  3:18  Assimilator  
  38  3:19  Assimilator  
  38  3:22  Probe (Chrono Boost)  
  38  3:25  Adept  
  42  3:27  Probe (Chrono Boost)  
  42  3:33  Probe (Chrono Boost)  
  43  3:38  Probe (Chrono Boost)  
  44  3:42  Dark Shrine  
  44  3:45  Probe (Chrono Boost)  
  45  3:48  Probe (Chrono Boost)  
  45  3:52  Stalker  
  48  3:58  Blink (Chrono Boost)  
  48  4:02  Stalker  
  50  4:03  Probe  
  51  4:12  Probe, Pylon  
  51  4:17  Probe  
  53  4:19  Robotics Facility  
  53  4:23  Probe  
  54  4:36  Probe  
  54  4:37  Probe  
  56  4:49  Nexus  
  56  4:50  Pylon x2  
  56  4:51  Sentry x2  
  60  4:57  Probe  
  61  5:00  Probe  
  62  5:09  Probe  
  62  5:12  Gateway  
  62  5:13  Gateway  
  62  5:14  Probe  
  64  5:24  Observer  
  64  5:27  Dark Templar  
  67  5:30  Dark Templar, Stargate  
  67  5:32  Stargate  
  67  5:34  Pylon, Archon  
  69  5:41  Probe  
  70  5:57  Probe  
  70  6:02  Probe  
  70  6:03  Probe  
  72  6:04  Forge  
  72  6:05  Pylon  
  72  6:09  Stalker, Probe  
  76  6:15  Phoenix (Chrono Boost)  
  76  6:16  Phoenix (Chrono Boost)  
  80  6:20  Pylon  
  80  6:21  Immortal  
  84  6:31  Zealot x3  
  90  6:33  Probe  
  90  6:34  Probe  
  90  6:35  Assimilator  
  90  6:36  Assimilator  
  90  6:38  Phoenix x2 (Chrono Boost)  
  96  6:48  Photon Cannon  
  96  6:51  Pylon  
  96  6:59  Phoenix x2 (Chrono Boost)  
  100  7:09  Charge  
  100  7:18  Immortal (Chrono Boost), Phoenix (Chrono Boost)  
  100  7:21  Zealot x4  
  114  7:28  Gateway  
  114  7:29  Gateway  
  114  7:30  Pylon  
  114  7:32  Gateway  
  114  7:38  Phoenix  
  114  7:39  Phoenix  
  114  7:41  Probe  
  114  7:42  Probe x2  
  121  7:51  Probe  
  121  7:54  Probe x2  
  121  7:55  Zealot x4  
  132  7:58  Pylon  
  132  8:02  Probe  
  133  8:13  Pylon  
  133  8:14  Pylon  
  133  8:17  Immortal (Chrono Boost)  
  137  8:24  Zealot x2  
  137  8:26  Void Ray  
  145  8:39  Zealot  
  145  8:40  Zealot x2  
  115  8:48  Zealot x2  
  115  8:49  Phoenix  
  115  9:03  Void Ray  
  117  9:14  Phoenix  
  118  9:24  Zealot x4  
  118  9:25  Zealot  
  118  9:31  Photon Cannon  
  128  9:32  Immortal (Chrono Boost), Photon Cannon  
  128  9:35  Probe  
  128  9:36  Probe  
  133  9:39  Phoenix (Chrono Boost)  
  133  9:45  Phoenix (Chrono Boost)  
  137  10:03  Dark Templar x2  
  137  10:04  Dark Templar, Phoenix (Chrono Boost)  
  137  10:06  Immortal  
  145  10:07  Archon  
  145  10:09  Dark Templar, Phoenix (Chrono Boost)  
  145  10:13  Archon  
  153  10:26  Phoenix (Chrono Boost)  
  155  10:35  Gateway  
  155  10:37  Gateway  
  155  10:39  Pylon  
  155  10:44  Pylon  
  120  11:04  Zealot  
  120  11:05  Zealot x3  
Show
View Real Time Build Order
Export as new Build Order

Willen Zerg - Winner!

Build Orders: 3 Hatch before Pool 

Get SALT Encoding   

  12  0:01  Drone  
  13  0:08  Drone  
  14  0:17  Overlord  
  14  0:23  Drone, Extractor  
  15  0:35  Drone x2  
  17  0:52  Hatchery  
  17  0:55  Drone  
  17  0:59  Drone  
  18  1:20  Hatchery  
  18  1:22  Drone  
  18  1:36  Spawning Pool  
  18  1:39  Drone  
  18  1:45  Drone  
  18  1:47  Drone  
  20  1:52  Drone  
  21  2:02  Overlord  
  21  2:08  Drone  
  22  2:23  Queen x2  
  22  2:25  Zergling x4  
  22  2:26  Drone x2  
  30  2:32  Drone  
  30  2:33  Queen  
  33  2:37  Drone  
  33  2:39  Drone  
  35  2:46  Drone  
  35  2:47  Drone  
  35  2:49  Drone  
  38  2:53  Extractor x2  
  38  2:55  Drone x2  
  38  3:00  Queen  
  38  3:04  Drone  
  41  3:07  Overlord  
  41  3:11  Drone  
  42  3:20  Overlord  
  42  3:25  Queen  
  42  3:27  Drone x5  
  46  3:34  Overlord  
  49  3:47  Drone x4  
  49  3:48  Drone x4  
  56  3:52  Lair  
  56  3:55  Extractor x2  
  55  4:01  Drone x5  
  59  4:08  Metabolic Boost  
  59  4:09  Spore Crawler  
  58  4:15  Roach Warren  
  58  4:16  Spore Crawler  
  56  4:20  Spore Crawler  
  56  4:24  Drone x2  
  57  4:33  Spine Crawler  
  57  4:34  Spine Crawler  
  57  4:38  Drone x2  
  57  4:41  Overlord  
  57  4:43  Overlord  
  57  4:54  Hydralisk Den, Glial Reconstitution  
  56  5:00  Evolution Chamber  
  56  5:04  Drone x5, Spine Crawler  
  59  5:10  Drone  
  59  5:11  Drone x3  
  59  5:12  Drone  
  64  5:16  Drone  
  64  5:19  Drone x2  
  64  5:21  Overseer  
  67  5:25  Drone x2  
  69  5:29  Overseer  
  69  5:33  Drone x3  
  72  5:36  Muscular Augments  
  72  5:44  Roach  
  72  5:45  Overlord x3  
  74  5:59  Overlord  
  74  6:09  Drone x2  
  74  6:10  Drone x8, Extractor  
  74  6:11  Drone, Extractor  
  84  6:12  Roach x6  
  95  6:20  Zerg Missile Weapons Level 1  
  95  6:23  Spire  
  95  6:25  Evolution Chamber  
  93  6:33  Hatchery  
  92  6:42  Overlord x4  
  92  6:47  Lurker Den  
  92  6:49  Hydralisk x4  
  92  6:53  Hydralisk x2  
  104  7:03  Hydralisk x4  
  112  7:14  Hydralisk x5  
  122  7:21  Hydralisk x3  
  128  7:36  Overlord  
  128  7:37  Overlord x3  
  128  7:39  Zerg Ground Armor Level 1  
  128  7:40  Zerg Flyer Weapons Level 1  
  128  7:42  Zergling x2  
  128  7:43  Zergling x14  
  136  7:47  Queen  
  138  7:56  Ravager x5  
  138  7:57  Ravager  
  143  8:00  Zergling x14  
  150  8:08  Roach x3  
  156  8:28  Overlord x3  
  156  8:29  Overlord  
  156  8:30  Drone x6  
  115  8:49  Roach  
  115  8:50  Roach x11  
  126  9:05  Hydralisk x5  
  134  9:14  Hydralisk x4  
  136  9:17  Queen x4  
  136  9:21  Hydralisk x3  
  145  9:32  Hydralisk x5  
  145  9:33  Hydralisk x3  
  145  9:36  Hydralisk  
  163  9:43  Hydralisk x3  
  169  9:47  Extractor  
  169  9:49  Extractor  
  167  9:56  Hydralisk x4  
  167  9:59  Zergling x6  
  178  10:01  Drone x2  
  178  10:02  Drone  
  181  10:08  Hydralisk  
  181  10:10  Overlord  
  181  10:13  Drone  
  181  10:14  Drone  
  185  10:20  Hydralisk x3  
  191  10:32  Ravager x6  
  197  10:39  Drone x2  
Tags
 
Add a new tag
Caveats
  • Supply blocks, unpowered buildings, or Contaminate may cause inaccurate times.
  • Supply counts are checked every 10 seconds.